 Dungeon Crawl Stone Soup version 0.31.0-12-g77e489cdc1 (webtiles) character file.

Game seed: 7020806745680749913

254 Arctor the Magician (level 5, -1/28 HPs)
             Began as a Deep Elf Fire Elementalist on Feb 16, 2024.
             Slain by an adder (3 damage)
             ... on level 3 of the Dungeon.
             The game lasted 00:02:04 (3416 turns).

Arctor the Magician (Deep Elf Fire Elementalist)    Turns: 3416, Time: 00:02:05

Health: -1/28      AC:  3    Str:  5    XL:     5   Next: 91%
Magic:  3/13       EV: 13    Int: 22    God:
Gold:   97         SH:  0    Dex: 15    Spells: 10/13 levels left

rFire   . . .        (no weapon)
rCold   . . .        (no shield)
rNeg    . . .        a - +1 robe
rPois   .            (no helmet)
rElec   .            (no cloak)
rCorr   .            (no gloves)
SInv    .            (no boots)
Will    .....        (no amulet)
Stlth   +++          (no ring)
HPRegen 0.24/turn    (no ring)
MPRegen 0.13/turn

%: no passive effects
@: lethally poisoned (-1 -> -4)
A: no striking features
a: no special abilities


You were on level 3 of the Dungeon.
You visited 1 branch of the dungeon, and saw 3 of its levels.

You collected 97 gold pieces.

Inventory:

Armour
 a - a +1 robe (worn)
Scrolls
 c - a scroll of fog
 d - a scroll of brand weapon
 e - 3 scrolls of teleportation
 j - 2 scrolls of identify
 k - 2 scrolls of vulnerability {unknown}
 l - a scroll of immolation {unknown}
 n - a scroll of fear
Potions
 b - a potion of magic
 f - a potion of haste
 g - a potion of curing {unknown}
 h - a potion of enlightenment {unknown}
 i - a potion of invisibility {unknown}
 m - a potion of heal wounds {unknown}


   Skills:
 + Level 3.9 Dodging
 + Level 4.1 Stealth
 + Level 4.6 Spellcasting
 + Level 2.9 Conjurations
 + Level 4.3 Fire Magic


You had 10 spell levels left.
You knew the following spells:

 Your Spells              Type           Power      Damage    Failure   Level
a - Foxfire               Conj/Fire      84%        2x1d8     2%          1
b - Scorch                Fire           48%        2d7       2%          2

Your spell library contained the following spells:

 Spells                   Type           Power      Damage    Failure   Level
 Inner Flame              Hex/Fire       14%        N/A       13%         3
 Volatile Blastmotes      Fire/Tloc      28%        2d12      13%         3
 Lesser Beckoning         Tloc           10%        N/A       16%         2
 Flame Wave               Conj/Fire      21%        2d8       22%         4
 Fugue of the Fallen      Necr           5%         N/A       32%         3
 Gell's Gravitas          Tloc           5%         N/A       32%         3
 Ozocubu's Armour         Ice            5%         N/A       32%         3
 Teleport Other           Tloc           5%         N/A       32%         3
 Manifold Assault         Tloc           5%         N/A       71%         4


Dungeon Overview and Level Annotations

Branches:
Dungeon (3/15)

Altars:


Message History

You feel sick.
The adder is no longer more vulnerable to fire.
The adder misses you.
You hit the adder.
The adder is moderately wounded.
You feel sick. The adder barely misses you. The adder closely misses you.
You hit the adder.
The adder is moderately wounded.
You feel sick. The adder closely misses you.
You closely miss the adder.
The adder is moderately wounded.
You feel sick. The adder misses you.
You closely miss the adder.
The adder is moderately wounded.
You feel sick. The adder bites you.
You closely miss the adder.
The adder is moderately wounded.
You feel sick. The adder bites you.
* * * LOW HITPOINT WARNING * * *
The adder barely misses you.
You hit the adder but do no damage.
The adder is moderately wounded.
You feel sick. The adder bites you.
* * * LOW HITPOINT WARNING * * *
You are lethally poisoned!
The adder poisons you!
You hit the adder.
The adder is heavily wounded.
* * * LOW HITPOINT WARNING * * *
You feel sick. The adder barely misses you.
You hit the adder.
The adder is heavily wounded.
* * * LOW HITPOINT WARNING * * *
You feel sick. The adder closely misses you.
The adder bites you but does no damage.
You miss the adder.
The adder is heavily wounded.
* * * LOW HITPOINT WARNING * * *
You feel sick. The adder bites you.
You die...

#.....####.##.#.# #.........##
###.######......#####.###.###..#
#.......###.#.......# #...##.#
###..####.# #.####..###.###.##.#
##.......#.###.# #...# .. #....#
......##....>..# #.### #.###..#
###.#.####.##### #.# #†B.....
#.#.####.# #####.### #.###.#.
#........# #..@S...# .. #.....
#...###### #.###...###:###.####
##.## #.# #.....# #...# #.#
#.###..##.###.#.# ##.##
#.##............# #(..#
####.##.####..##..### # #...#
#...................# # #...#
#.≈≈≈≈≈≈≈≈~≈≈≈≈≈≈≈≈.# #
###...#####.≈≈≈≈≈≈≈≈~≈≈≈≈≈≈≈≈.#
#


You could see an adder.

Vanquished Creatures
  An ogre (D:3)
  A bombardier beetle (D:3)
  An orc priest (D:3)
  An orc wizard (D:3)
  A gnoll (D:1)
  An adder (D:2)
  4 dart slugs
  2 ribbon worms
  2 orcs (D:3)
  7 endoplasms
  2 giant cockroaches (D:1)
  5 hobgoblins
  5 jackals (D:3)
  2 kobolds (D:2)
  7 ball pythons
  A frilled lizard (D:1)
  3 goblins (D:2)
  4 rats
50 creatures vanquished.

Vanquished Creatures (others)
  327 foxfires
327 creatures vanquished.

Grand Total: 377 creatures vanquished

Notes
Turn   | Place    | Note
-------+----------+-------------------------------------------
     0 | D:1      | Arctor the Deep Elf Fire Elementalist began the quest for
                  | the Orb.
     0 | D:1      | Reached XP level 1. HP: 10/10 MP: 6/6
   351 | D:1      | Reached XP level 2. HP: 15/15 MP: 4/8
   696 | D:1      | Reached XP level 3. HP: 19/19 MP: 3/10
  1375 | D:2      | Learned a level 2 spell: Scorch
  2566 | D:3      | Reached XP level 4. HP: 24/24 MP: 4/11
  2704 | D:3      | Noticed an ogre
  2713 | D:3      | Killed an ogre
  2714 | D:3      | Reached XP level 5. HP: 28/28 MP: 2/13
  3240 | D:3      | Found a faded altar of an unknown god.
  3416 | D:3      | Slain by an adder

Illustrated notes

Levels and vault maps discovered:
D:1:      reono_arrival_mine, layout_basic
D:2:      layout_loops_corners
D:3:      layout_loops_cross, zin_angel, dreamdust_ecumenical_altar_statues,
          gammafunk_ghost_gnarly_gnolls, minmay_quantized

Skill      XL: |  1  2  3  4 |
---------------+-------------+-----
Stealth        | 3 4 |  4.1
Dodging        | 3 |  3.9
Conjurations   | 2 |  2.9
Spellcasting   | 4 |  4.6
Fire Magic     | 4 |  4.3

Action                     |  1- 3 |  4- 6 || total
---------------------------+-------+-------++-------
  Melee: Unarmed           |     2 |    12 ||    14
   Cast: Foxfire           |   142 |    50 ||   192
         Scorch            |     4 |    11 ||    15
    Use: Scroll            |     7 |       ||     7
 Armour: Robe              |     8 |    12 ||    20
  Dodge: Dodged            |    11 |    17 ||    28
